Map: Ruins of Seras

Players

ShoWTimE - Winner!

  • Race: Protoss Protoss
  • League: Grandmaster

AcerBly (Bly)

  • Race: Zerg Zerg
  • League: Grandmaster

Event: 2016 WCS Winter Challenger Europe

VOD

Have the link to the VOD?

Description

Time

  • Played on: Feb. 13, 2016, 12:27 p.m.
  • Length: 28:38

All games in this series

Show
View Real Time Build Order
Export as new Build Order

ShoWTimE Protoss - Winner!

Build Orders: 1 Gate Expand 

Get SALT Encoding   

  12  0:01  Probe (Chrono Boost)  
  13  0:11  Probe (Chrono Boost)  
  14  0:20  Pylon  
  14  0:23  Probe (Chrono Boost)  
  15  0:38  Probe (Chrono Boost)  
  15  0:40  Gateway  
  16  0:46  Assimilator  
  16  0:49  Probe (Chrono Boost)  
  17  1:00  Probe (Chrono Boost)  
  18  1:10  Probe (Chrono Boost)  
  19  1:26  Nexus  
  19  1:38  Cybernetics Core  
  19  1:42  Zealot (Chrono Boost)  
  21  1:51  Pylon  
  21  1:54  Probe  
  23  2:15  Mothership Core (Chrono Boost), Adept (Chrono Boost)  
  26  2:24  Gateway  
  26  2:27  Warp Gate  
  26  2:37  Probe x2 (Chrono Boost)  
  27  2:47  Probe, Adept (Chrono Boost)  
  31  3:01  Pylon  
  31  3:02  Probe  
  31  3:03  Probe  
  32  3:10  Assimilator  
  32  3:13  Sentry (Chrono Boost)  
  32  3:15  Probe  
  35  3:23  Probe  
  35  3:26  Adept (Chrono Boost)  
  38  3:36  Probe  
  38  3:40  Probe  
  39  3:43  Adept (Chrono Boost)  
  42  3:48  Probe  
  42  3:50  Probe  
  44  3:58  Pylon  
  44  4:00  Probe (Chrono Boost)  
  44  4:01  Probe (Chrono Boost)  
  46  4:07  Stargate  
  46  4:12  Probe (Chrono Boost)  
  46  4:13  Probe (Chrono Boost)  
  48  4:23  Probe (Chrono Boost)  
  48  4:24  Probe (Chrono Boost)  
  50  4:34  Probe x2 (Chrono Boost), Pylon  
  52  4:43  Assimilator  
  52  4:44  Probe x2 (Chrono Boost)  
  54  4:51  Oracle (Chrono Boost)  
  57  4:54  Probe  
  57  4:55  Probe  
  57  4:57  Gateway  
  57  4:59  Pylon  
  59  5:01  Gateway  
  59  5:04  Probe  
  60  5:07  Probe  
  60  5:09  Assimilator  
  61  5:15  Probe  
  61  5:19  Probe  
  63  5:22  Oracle (Chrono Boost)  
  63  5:25  Probe  
  67  5:31  Probe  
  67  5:33  Nexus  
  67  5:35  Pylon  
  68  5:44  Probe x2  
  68  5:46  Robotics Facility  
  70  5:54  Pylon  
  70  5:55  Probe  
  70  5:56  Probe  
  72  6:05  Probe  
  72  6:08  Probe  
  72  6:09  Gateway  
  74  6:11  Gateway  
  74  6:16  Probe  
  74  6:17  Stalker, Sentry x2  
  74  6:18  Stalker  
  83  6:20  Probe  
  83  6:24  Pylon  
  84  6:26  Probe  
  84  6:31  Forge  
  84  6:32  Probe  
  86  6:34  Observer (Chrono Boost)  
  86  6:37  Probe  
  88  6:41  Phoenix  
  88  6:44  Probe  
  91  6:47  Probe x2  
  91  6:50  Zealot x2  
  97  6:56  Immortal (Chrono Boost)  
  97  6:57  Probe  
  97  6:58  Probe  
  100  7:05  Probe, Stalker x2  
  100  7:08  Protoss Ground Weapons Level 1 (Chrono Boost)  
  105  7:17  Robotics Bay  
  105  7:23  Twilight Council  
  105  7:24  Probe, Assimilator  
  105  7:26  Assimilator  
  105  7:27  Probe  
  107  7:30  Photon Cannon  
  107  7:31  Warp Prism (Chrono Boost)  
  107  7:33  Pylon  
  109  7:42  Robotics Facility, Stalker x2  
  113  7:50  Stalker x2  
  117  7:57  Probe  
  118  8:01  Blink (Chrono Boost)  
  118  8:03  Disruptor  
  118  8:11  Nexus  
  121  8:13  Pylon  
  121  8:16  Pylon  
  121  8:19  Pylon  
  121  8:20  Phoenix  
  123  8:31  Disruptor  
  126  8:34  Stargate  
  126  8:37  Photon Cannon, Assimilator  
  126  8:38  Pylon  
  126  8:42  Disruptor, Assimilator  
  126  8:43  Photon Cannon  
  129  8:51  Phoenix  
  131  8:56  Sentry  
  131  8:57  Stalker x4  
  131  8:59  Zealot  
  141  9:11  Probe  
  141  9:17  Templar Archives, Gateway  
  142  9:19  Pylon, Gateway  
  142  9:20  Disruptor  
  145  9:27  Protoss Ground Weapons Level 2  
  145  9:34  Stalker x4  
  145  9:37  Pylon  
  153  9:38  Pylon  
  153  9:41  Stalker x2  
  157  9:59  Photon Cannon  
  157  10:02  Zealot x4  
  157  10:03  Psionic Storm  
  157  10:06  Charge (Chrono Boost)  
  165  10:07  Zealot x2  
  169  10:22  Zealot x3  
  169  10:23  Zealot  
  177  10:39  High Templar  
  177  10:40  High Templar x3  
  177  10:42  Immortal  
  189  10:45  Immortal  
  191  10:52  Stalker x2  
  191  11:01  Stalker x2  
  185  11:13  Stalker, Zealot x3  
  189  11:20  Fleet Beacon  
  189  11:24  Immortal  
  189  11:25  Protoss Ground Weapons Level 3  
  193  11:30  Stalker  
  195  11:33  Pylon  
  175  11:51  Zealot x5  
  175  11:52  Zealot x2  
  181  12:03  Immortal  
  181  12:07  Zealot  
  187  12:12  Zealot x4  
  187  12:13  Zealot x2  
  187  12:14  Zealot  
  198  12:17  Probe  
  198  12:18  Probe x2  
  198  12:19  Probe  
  198  12:22  Disruptor  
  194  12:28  Probe  
  198  12:30  Probe  
  198  12:31  Probe  
  198  12:33  Pylon  
  200  12:37  Resonating Glaives  
  200  12:45  Dark Shrine  
  200  12:52  Anion Pulse-Crystals, Photon Cannon  
  200  12:53  Protoss Air Weapons Level 1  
  200  12:54  Photon Cannon  
  200  13:08  Immortal (Chrono Boost)  
  184  13:15  Nexus  
  184  13:17  Pylon  
  180  13:25  Zealot x4  
  180  13:26  Zealot x2  
  190  13:36  Immortal (Chrono Boost)  
  182  13:43  High Templar x2  
  182  13:46  Gateway  
  184  13:49  Gateway  
  184  13:50  Archon, Zealot x2  
  184  13:52  Pylon  
  188  14:00  Dark Templar x3  
  194  14:04  Probe x2  
  196  14:16  Assimilator  
  196  14:19  Immortal (Chrono Boost)  
  196  14:20  Assimilator  
  196  14:26  Phoenix (Chrono Boost)  
  196  14:29  Phoenix (Chrono Boost)  
  188  14:48  Dark Templar x2  
  188  14:49  Phoenix (Chrono Boost)  
  192  14:54  Phoenix (Chrono Boost)  
  186  15:00  Nexus  
  176  15:14  Pylon  
  176  15:18  High Templar x4  
  176  15:19  Phoenix (Chrono Boost)  
  182  15:21  High Templar x2  
  182  15:22  Archon x2  
  182  15:25  Archon  
  186  15:29  Probe  
  186  15:30  Probe x2  
  189  15:42  Stalker x2  
  192  15:45  Probe  
  192  15:47  Probe x2  
  190  15:55  Phoenix (Chrono Boost)  
  188  15:58  Phoenix (Chrono Boost)  
  178  16:16  Phoenix (Chrono Boost)  
  171  16:19  High Templar x4  
  171  16:20  High Templar x2  
  171  16:23  Phoenix (Chrono Boost)  
  171  16:24  Archon x2  
  171  16:25  Archon  
  184  16:31  Probe x2  
  179  16:32  Probe  
  179  16:33  Probe  
  179  16:38  Phoenix (Chrono Boost)  
  170  16:42  Probe x2  
  170  16:45  Probe  
  167  16:47  Dark Templar, Phoenix (Chrono Boost)  
  169  16:56  Protoss Ground Armor Level 1  
  169  17:00  Phoenix (Chrono Boost)  
  171  17:06  Photon Cannon  
  169  17:08  Photon Cannon  
  166  17:19  Stalker  
  166  17:25  Probe x2  
  166  17:26  Probe x2  
  160  17:37  Probe  
  160  17:41  Tempest (Chrono Boost)  
  165  17:44  Tempest (Chrono Boost)  
  165  17:49  High Templar x3  
  165  17:50  High Templar  
  173  17:54  Archon x2  
  173  17:58  Probe  
  173  18:05  Immortal  
  170  18:10  Immortal  
  178  18:15  Probe, High Templar x2  
  178  18:16  Probe x2  
  178  18:17  Pylon  
  185  18:24  Pylon  
  177  18:47  Stalker x4  
  177  18:48  Stalker x2  
  173  19:00  Nexus  
  171  19:07  Dark Templar  
  172  19:40  Stalker x4  
  172  19:41  Stalker x2  
  184  19:47  Observer  
  186  20:02  Dark Templar  
  183  20:11  Nexus  
  176  20:25  Tempest (Chrono Boost)  
  176  20:28  Pylon  
  176  20:32  Stalker x2  
  176  20:33  Probe  
  179  20:44  Dark Templar  
  179  20:45  Dark Templar  
  181  20:59  Tempest (Chrono Boost)  
  187  21:16  Tempest (Chrono Boost)  
  186  21:30  Nexus  
  186  21:31  Pylon  
  186  21:32  Stalker x2  
  188  21:37  Tempest (Chrono Boost)  
  198  21:55  Photon Cannon  
  198  21:57  Photon Cannon  
  198  21:58  Probe, Photon Cannon x2  
  198  22:00  Tempest (Chrono Boost)  
  199  22:04  Protoss Ground Armor Level 2  
  199  22:09  Probe  
  185  22:47  High Templar x4  
  185  22:51  Tempest (Chrono Boost)  
  195  22:54  Tempest (Chrono Boost)  
  199  23:08  Pylon  
  199  23:15  Archon  
  199  23:25  Adept  
  195  23:49  Nexus  
  161  24:20  Pylon  
  159  24:24  Observer  
  159  24:25  Stalker x5  
  159  24:26  Stalker x3  
  159  24:28  Observer  
  177  24:38  Assimilator  
  177  24:42  Assimilator  
  176  24:53  Pylon  
  176  24:58  Assimilator  
  176  24:59  Assimilator  
  176  25:01  Zealot x4  
  176  25:02  Zealot x3  
  190  25:11  Zealot  
  167  25:38  Stalker x3  
  167  25:39  Stalker  
  136  25:53  Stalker x3  
  142  26:03  Stalker x2, Zealot x2  
  142  26:04  Zealot  
  152  26:08  Nexus  
  152  26:10  Pylon  
  152  26:19  Stalker  
  152  26:20  Stalker x2  
  158  26:30  Zealot x3  
  158  26:31  Zealot x2  
  168  26:35  Observer  
  169  26:42  Photon Cannon  
  169  26:43  Photon Cannon  
  169  26:44  Photon Cannon  
  169  26:47  Pylon, Photon Cannon  
  169  26:50  Zealot x3  
  175  26:59  Void Ray (Chrono Boost)  
  183  27:05  Void Ray (Chrono Boost)  
  183  27:08  Probe x2  
  179  27:09  Probe  
  179  27:10  Probe, Photon Cannon  
  183  27:17  Zealot x2  
  183  27:18  Probe, Zealot x3  
  194  27:29  Stalker x2  
  194  27:30  Stalker  
  194  27:43  High Templar x3  
  179  27:52  Probe  
  179  27:53  Probe  
  179  27:56  Assimilator  
  179  27:57  Assimilator  
  177  28:09  Stalker x2  
  177  28:10  Stalker x3  
  187  28:22  Stalker x2  
  185  28:36  Nexus  
  185  28:37  Pylon  
Show
View Real Time Build Order
Export as new Build Order

AcerBly Zerg 

Build Orders: Pool First, Lurkers 

Get SALT Encoding   

  12  0:01  Drone  
  13  0:11  Drone  
  13  0:13  Extractor  
  13  0:31  Spawning Pool  
  13  0:33  Drone  
  13  0:39  Drone  
  14  0:45  Drone, Extractor  
  15  0:54  Overlord  
  15  1:18  Zergling x6  
  18  1:19  Metabolic Boost  
  18  1:28  Queen  
  18  1:32  Zergling x2  
  21  1:42  Zergling x2  
  22  1:56  Overlord  
  22  2:05  Hatchery  
  21  2:18  Zergling x4  
  21  2:22  Drone  
  24  2:36  Drone  
  25  2:42  Drone x3  
  28  2:57  Overlord  
  27  3:04  Hatchery  
  25  3:11  Drone x3  
  28  3:15  Drone  
  29  3:38  Drone x5  
  29  3:40  Queen  
  34  3:44  Drone x3  
  37  3:49  Drone x2  
  39  4:05  Drone x2  
  39  4:07  Queen  
  39  4:09  Overlord  
  43  4:18  Drone x3  
  43  4:19  Drone x2  
  48  4:24  Queen  
  48  4:28  Overlord  
  50  4:35  Drone x3  
  53  4:39  Overlord  
  53  4:43  Drone x2, Extractor  
  54  4:53  Lair  
  54  4:55  Drone x6  
  60  5:00  Overlord  
  60  5:07  Roach Warren  
  60  5:08  Extractor  
  60  5:09  Zergling x4  
  60  5:13  Zergling x4  
  62  5:17  Overlord  
  62  5:20  Zergling x6  
  62  5:21  Zergling x2  
  66  5:25  Overlord  
  66  5:32  Overlord  
  66  5:37  Drone x2  
  66  5:38  Drone x6  
  74  5:45  Queen x2  
  74  5:46  Extractor  
  77  5:50  Spore Crawler  
  77  5:51  Spore Crawler  
  77  5:52  Drone x4  
  77  5:53  Overlord  
  77  5:55  Glial Reconstitution  
  78  6:02  Overlord, Drone  
  78  6:03  Drone  
  80  6:06  Overlord  
  75  6:14  Drone x5  
  75  6:17  Drone  
  77  6:23  Hydralisk Den  
  77  6:24  Drone  
  77  6:29  Extractor x2  
  77  6:31  Drone x3  
  77  6:32  Overlord, Drone  
  79  6:36  Overlord  
  79  6:41  Drone x3  
  82  6:49  Drone x4  
  82  6:54  Hatchery  
  85  6:55  Overlord, Muscular Augments  
  85  7:00  Drone x3  
  85  7:01  Drone x3  
  89  7:02  Drone x2  
  89  7:06  Overlord  
  93  7:11  Evolution Chamber x2  
  93  7:15  Overlord  
  90  7:21  Drone x2  
  90  7:22  Drone x4  
  96  7:38  Spore Crawler  
  96  7:39  Hydralisk x6  
  96  7:41  Hatchery  
  106  7:52  Zerg Ground Armor Level 1, Zerg Melee Weapons Level 1  
  106  7:58  Spire, Hydralisk x4  
  107  8:00  Overlord  
  107  8:04  Extractor  
  112  8:09  Extractor  
  112  8:12  Infestation Pit  
  110  8:25  Roach x12  
  134  8:29  Drone x3  
  134  8:31  Spore Crawler  
  134  8:32  Overlord  
  136  8:35  Overlord  
  136  8:37  Overseer  
  136  8:44  Drone x7  
  136  8:45  Drone  
  136  8:47  Overlord  
  144  8:49  Overlord  
  144  8:52  Hive  
  143  8:55  Overlord  
  143  8:58  Overlord, Extractor  
  143  9:01  Extractor  
  141  9:11  Zerg Flyer Weapons Level 1  
  141  9:12  Overlord  
  141  9:16  Spore Crawler  
  140  9:17  Drone x3  
  140  9:20  Spine Crawler  
  142  9:28  Infestor x3  
  142  9:30  Overlord  
  148  9:34  Hatchery  
  147  9:43  Pneumatized Carapace  
  147  9:44  Overseer  
  147  9:48  Hydralisk x3  
  147  9:49  Hydralisk x6  
  165  9:54  Drone x3  
  168  10:05  Ultralisk Cavern  
  164  10:10  Lurker Den  
  164  10:13  Ravager x5  
  164  10:14  Ravager  
  170  10:15  Zerg Melee Weapons Level 2, Zerg Ground Armor Level 2  
  170  10:16  Adrenal Glands  
  170  10:39  Zergling x2  
  170  10:40  Zergling x40  
  181  11:06  Drone x2  
  181  11:07  Drone  
  181  11:08  Extractor  
  177  11:11  Spine Crawler  
  177  11:12  Spine Crawler  
  177  11:13  Spine Crawler  
  177  11:14  Spine Crawler  
  173  11:20  Zerg Flyer Weapons Level 2  
  173  11:21  Chitinous Plating  
  173  11:23  Ultralisk x2  
  185  11:27  Hatchery  
  184  11:45  Hatchery  
  169  12:04  Ultralisk x5  
  175  12:30  Drone x3  
  175  12:34  Lurker x2  
  175  12:35  Lurker x2  
  182  12:41  Drone  
  183  13:13  Mutalisk x3  
  183  13:14  Mutalisk x5  
  183  13:17  Hatchery  
  198  13:23  Mutalisk  
  200  13:40  Mutalisk  
  199  13:56  Zerg Flyer Armor Level 1  
  199  14:25  Extractor  
  199  14:27  Extractor  
  197  14:34  Mutalisk  
  196  14:49  Drone x3  
  192  14:54  Mutalisk x4  
  192  14:56  Mutalisk x3  
  196  15:00  Overseer  
  196  15:07  Mutalisk x6  
  188  15:13  Drone x2  
  188  15:14  Drone x4  
  199  15:24  Spore Crawler  
  199  15:25  Overlord, Drone  
  199  15:28  Overlord, Zerg Melee Weapons Level 3  
  199  15:30  Zerg Ground Armor Level 3  
  199  15:35  Overlord  
  199  15:47  Spine Crawler  
  199  15:48  Spore Crawler  
  199  15:49  Spine Crawler  
  196  15:50  Spine Crawler  
  196  15:57  Zergling x8  
  195  16:14  Mutalisk  
  195  16:15  Mutalisk x4  
  197  16:28  Mutalisk x2  
  197  16:40  Mutalisk  
  197  16:46  Mutalisk x6  
  199  17:05  Hatchery  
  199  17:07  Mutalisk  
  195  17:21  Corruptor x6  
  195  17:22  Corruptor x3  
  167  17:34  Corruptor x7  
  167  17:35  Corruptor x3  
  167  17:36  Corruptor x3  
  179  17:55  Greater Spire  
  167  18:13  Drone  
  167  18:14  Drone x2  
  170  18:24  Hatchery  
  158  18:50  Zergling x6  
  136  19:18  Queen x3  
  136  19:21  Infestor  
  136  19:22  Infestor  
  148  19:24  Viper x2, Hatchery  
  148  19:28  Brood Lord x9  
  148  19:29  Hatchery  
  148  19:30  Hatchery  
  167  19:37  Zergling x2  
  167  19:38  Zergling x12  
  174  19:45  Drone x5  
  179  19:54  Corruptor x10  
  194  20:23  Corruptor x3  
  200  20:40  Overseer  
  196  21:46  Ultralisk x2  
  198  21:50  Extractor  
  198  21:53  Extractor  
  196  22:04  Hatchery, Zergling x8  
  196  22:05  Spore Crawler  
  198  22:08  Spore Crawler  
  198  22:09  Spine Crawler  
  178  22:50  Zergling x10  
  178  22:51  Zergling x14  
  190  22:55  Infestor x4  
  195  23:19  Drone  
  196  23:25  Hatchery  
  183  23:39  Brood Lord x3  
  183  23:40  Brood Lord  
  126  24:23  Ultralisk x4  
  126  24:24  Ultralisk  
  164  24:26  Corruptor x7  
  164  24:27  Corruptor x4  
  164  24:29  Zergling x8  
  164  24:30  Zergling x16  
  195  24:45  Extractor  
  191  24:46  Extractor  
  191  24:51  Hatchery  
  185  24:59  Zergling x2  
  177  25:00  Zergling x22  
  172  25:14  Zergling x2  
  172  25:15  Zergling x14  
  69  25:53  Zergling x16  
  101  25:58  Drone x3  
  104  26:09  Drone  
  99  26:16  Zergling x22  
  69  26:31  Brood Lord  
  69  26:32  Extractor, Brood Lord  
  74  26:33  Brood Lord x3  
  74  26:34  Brood Lord  
  74  26:36  Extractor  
  74  26:38  Brood Lord  
  81  26:44  Zergling x2  
  81  26:45  Zergling x24  
  94  26:58  Zergling x2  
  94  26:59  Zergling x6  
  88  27:14  Zergling x16  
  67  28:00  Hatchery  
Tags
 
Add a new tag
Caveats
  • Supply blocks, unpowered buildings, or Contaminate may cause inaccurate times.
  • Supply counts are checked every 10 seconds.